 Dungeon Crawl Stone Soup version 0.31-a0-180-g519b7de00c (webtiles) character file.

Game seed: 7742853272771515093

52 qw the Shooter (level 3, 0/32 HPs)
             Began as a Naga Hunter on June 20, 2023.
             Slain by Grinder (6 damage)
             ... on level 3 of the Dungeon.
             The game lasted 00:00:23 (1322 turns).

qw the Shooter (Naga Hunter)                        Turns: 1322, Time: 00:00:24

Health: 0/32       AC:  2    Str: 13    XL:     3   Next: 85%
Magic:  3/3        EV:  9    Int:  9    God:
Gold:   158        SH:  0    Dex: 16    Spells: 2/2 levels left

rFire   . . .        Y - +1 shortbow
rCold   . . .        (shield currently unavailable)
rNeg    . . .        c - +0 leather armour
rPois   +            (no helmet)
rElec   .            (no cloak)
rCorr   .            (no gloves)
SInv    +            (no barding)
Will    .....        j - amulet of regeneration
Stlth   ++           (no ring)
HPRegen 1.05/turn    (no ring)
MPRegen 0.08/turn

%: no passive effects
@: very slow
A: AC +1, large, see invisible, deformed body, poison resistance, slowness 2,
spit poison 1, naga tail 1
a: Spit Poison


You were on level 3 of the Dungeon.
You visited 1 branch of the dungeon, and saw 3 of its levels.

You collected 158 gold pieces.


Innate Abilities, Weirdness & Mutations

Your serpentine skin is tough. (AC +1)
You have supernaturally acute eyesight. (SInv)
Armour fits poorly on your strangely shaped body.
Your system is resistant to poisons. (rPois)
You cover ground very slowly.
You can spit poison.
You have a snake-like lower body.


   Skills:
 - Level 2.0 Fighting
 + Level 4.9 Ranged Weapons
 - Level 1.5 Dodging
 - Level 1.5 Stealth


You had 2 spell levels left.
You didn't know any spells.
Your spell library was empty.

Inventory:

Hand Weapons
 Y - a +1 shortbow (weapon)
Armour
 c - a +0 leather armour (worn)
Jewellery
 d - a +5 ring of evasion
 i - a ring of fire
 j - an amulet of regeneration (around neck)
Scrolls
 a - a scroll of identify
Potions
 b - a potion of berserk rage {unknown}
 g - a potion of mutation {unknown}
 h - a potion of ambrosia {unknown}
 k - a potion of might {unknown}

Dungeon Overview and Level Annotations

Branches:
Dungeon (3/15)

Altars:

Annotations:
D:3 Grinder


Message History

Grinder comes into view.
You shoot an arrow.
Grinder shouts!
The arrow hits the ball python.
You kill the ball python!
A kobold comes into view. It is wielding a +0 dagger.
You shoot an arrow. The arrow barely misses the kobold.
You shoot an arrow. The arrow barely misses Grinder.
Grinder says, "DUCK!"
You shoot an arrow. The arrow closely misses Grinder.
Grinder hits you.
You writhe in agony.
You shoot an arrow. The arrow hits Grinder.
Grinder is lightly wounded.
Grinder barely misses you.
You shoot an arrow. The arrow hits Grinder!
Grinder is moderately wounded.
Grinder closely misses you.
You shoot an arrow. The arrow hits Grinder.
Grinder is moderately wounded.
Grinder barely misses you.
You shoot an arrow. The arrow hits Grinder.
Grinder is moderately wounded.
Grinder hits you.
You writhe in agony.
Grinder hits you!
You writhe in agony.
1317 ||| DRINKING potion of heal wounds.
You feel much better. Grinder hits you!
You writhe in agony.
You shoot an arrow. The arrow hits Grinder.
Grinder is heavily wounded.
Grinder barely misses you.
You shoot an arrow. The arrow barely misses Grinder.
The arrow hits the kobold.
You kill the kobold!
Grinder closely misses you.
You shoot an arrow. The arrow closely misses Grinder.
Grinder hits you but does no damage.
You shoot an arrow. The arrow hits Grinder!
Grinder is severely wounded.
Grinder hits you!
You writhe in agony.
You shoot an arrow. The arrow closely misses Grinder.
Grinder hits you!
You writhe in agony.
You die...

######### # #.......#
#.. #.#####.#
.....###.# #.#######
.....)5@.#####.#.....#
.....###.#...#.#.###.#
... #.#.#.#.....#.# .
#......)#(#.#.#
#########.....#
##...## #...# ###...##
... #.....<#


You could see Grinder.

Vanquished Creatures
  Terence (D:3)
  A dart slug (D:2)
  2 endoplasms
  2 giant cockroaches
  3 goblins
  3 hobgoblins
  A quokka (D:1)
  5 ball pythons
  3 bats (D:2)
  A frilled lizard (D:1)
  3 kobolds
  2 rats (D:2)
27 creatures vanquished.

Notes
Turn   | Place    | Note
-------+----------+-------------------------------------------
     0 | D:1      | qw the Naga Hunter began the quest for the Orb.
     0 | D:1      | Reached XP level 1. HP: 19/19 MP: 1/1
     0 | D:1      | 0 ||| qw: Version: 0.3-a-9-g12657ce
     0 | D:1      | 0 ||| qw: Game counter: 1144
     0 | D:1      | 0 ||| qw: Always use a shield: true
     0 | D:1      | 0 ||| qw: God list: Okawaru
     0 | D:1      | 0 ||| qw: Allow faded altars: false
     0 | D:1      | 0 ||| qw: Do Orc after D:15 true
     0 | D:1      | 0 ||| qw: Do second Lair branch before Depths: true
     0 | D:1      | 0 ||| qw: Lair rune preference: random
     0 | D:1      | 0 ||| qw: Plans: Normal
     0 | D:1      | 0 ||| PLANNING D:1-11
    92 | D:1      | 92 ||| INVOKING Spit Poison.
   115 | D:1      | 115 ||| INVOKING Spit Poison.
   131 | D:1      | 131 ||| INVOKING Spit Poison.
   302 | D:1      | 302 ||| INVOKING Spit Poison.
   303 | D:1      | Reached skill level 4 in Ranged Weapons
   303 | D:1      | Reached XP level 2. HP: 26/26 MP: 2/2
   306 | D:1      | 306 ||| INVOKING Spit Poison.
   316 | D:1      | 316 ||| INVOKING Spit Poison.
   346 | D:1      | Found a faded altar of an unknown god.
   376 | D:1      | 376 ||| INVOKING Spit Poison.
   393 | D:1      | 393 ||| INVOKING Spit Poison.
   523 | D:1      | 523 ||| INVOKING Spit Poison.
   686 | D:1      | 686 ||| UPGRADING to amulet of regeneration.
   691 | D:1      | 691 ||| READING scroll labelled HANAMY NEHIU.
   692 | D:1      | 692 ||| READING scroll labelled MADAUL NEAMI.
   693 | D:1      | 693 ||| READING scroll labelled GUZAISO FUKIO.
   694 | D:1      | 694 ||| DROPPING scroll of butterflies.
   719 | D:2      | 719 ||| INVOKING Spit Poison.
   730 | D:2      | 730 ||| INVOKING Spit Poison.
   736 | D:2      | 736 ||| INVOKING Spit Poison.
   834 | D:2      | 834 ||| INVOKING Spit Poison.
   853 | D:2      | 853 ||| INVOKING Spit Poison.
   885 | D:2      | 885 ||| INVOKING Spit Poison.
   898 | D:2      | 898 ||| INVOKING Spit Poison.
   904 | D:2      | 904 ||| INVOKING Spit Poison.
   906 | D:2      | Reached XP level 3. HP: 32/32 MP: 3/3
  1073 | D:2      | 1073 ||| INVOKING Spit Poison.
  1192 | D:2      | 1192 ||| DRINKING 2 clear potions.
  1217 | D:3      | Noticed Terence
  1219 | D:3      | 1219 ||| INVOKING Spit Poison.
  1223 | D:3      | 1223 ||| INVOKING Spit Poison.
  1225 | D:3      | Killed Terence
  1307 | D:3      | Noticed Grinder
  1316 | D:3      | HP: 5/32 [Grinder (5)]
  1317 | D:3      | 1317 ||| DRINKING potion of heal wounds.
  1322 | D:3      | HP: 6/32 [Grinder (9)]
  1322 | D:3      | Slain by Grinder

Levels and vault maps discovered:
D:1:      matt_arrival_spirals, layout_basic, ebering_ecumenical_altar_ruins,
          supply_closet_lemuel, minmay_misc_feat_rows
D:2:      layout_basic
D:3:      layout_loops_cross, uniq_terence, uniq_robin, uniq_grinder

Skill      XL: |  1 |
---------------+----+-----
Ranged Weapons | 4 |  4.9
Fighting       | |  2.0
Dodging        | |  1.5
Stealth        | |  1.5

Action                     || total
---------------------------++-------
   Fire: Shortbow          ||    56
Ability: Spit Poison       ||    20
    Use: Scroll            ||     3
         Potion            ||     2
 Armour: Leather armour    ||     4
  Dodge: Dodged            ||     7

Table legend:
 A = Non-vault XP
 B = Vault XP
 C = Vault XP percentage of total XP
 D = Non-vault monster count
 E = Vault monster count
 F = Vault count percentage of total count
                 A         B        C        D         E       F
            +---------+---------+-------+---------+---------+-------
      Total |      43 |      32 |  42.7 |      26 |       1 |   3.7
            +---------+---------+-------+---------+---------+-------
        D:1 |      17 |       0 |   0.0 |      11 |       0 |   0.0
        D:2 |      22 |       0 |   0.0 |      13 |       0 |   0.0
        D:3 |       4 |      32 |  88.9 |       2 |       1 |  33.3
            +---------+---------+-------+---------+---------+-------
